 Dungeon Crawl Stone Soup version 0.25-b1-46-gb8a1ec05df (webtiles) character file.

Game seed: 7785457768722446910

11365 Chiseanne the Fighter (level 11, -10/90 HPs)
             Began as a Demonspawn Wanderer on June 10, 2020.
             Was an Initiate of Gozag.
             Mangled by a very large slime creature (40 damage)
             ... on level 12 of the Dungeon.
             The game lasted 00:29:39 (12030 turns).

Chiseanne the Fighter (Demonspawn Wanderer)        Turns: 12030, Time: 00:29:39

Health: -10/90     AC: 21    Str: 15    XL:     11   Next: 48%
Magic:  0/13       EV: 16    Int: 14    God:    Gozag
Gold:   223        SH:  9    Dex: 16    Spells: 10/10 levels left

rFire    + . .     SeeInvis .   a - +7 trident (protect)
rCold    + . .     Gourm    .   z - +0 kite shield
rNeg     . . .     Faith    .   w - +1 leather armour {rF+}
rPois    .         Spirit   +   i - +2 hat
rElec    .         Reflect  .   q - +0 cloak
rCorr    .         Harm     .   g - +0 pair of gloves
MR       .....                  n - +0 pair of boots of Gamm {Str+3}
Stlth    +++.......             c - amulet of guardian spirit
HPRegen  0.25/turn              o - ring of stealth
MPRegen  0.13/turn              O - ring of protection from cold

@: protection aura
A: thin metallic scales 2, spiny 1, rot immunity
a: Potion Petition, Call Merchant, Bribe Branch, Renounce Religion


You were on level 12 of the Dungeon.
You worshipped Gozag.
Gozag was aware of your devotion.
You were not hungry.

You visited 2 branches of the dungeon, and saw 13 of its levels.

You collected 1292 gold pieces.
You spent 157 gold pieces at shops.
You paid 912 gold pieces to Gozag.

Inventory:

Hand Weapons
 a - a +7 trident of protection (weapon)
 d - a +2 dagger of venom
 f - a +0 scimitar of flaming
 s - a +0 antimagic war axe
Missiles
 e - 46 poisoned darts
 j - 120 bolts
 l - 35 boomerangs
 r - 6 javelins (quivered)
 v - 116 sling bullets
 E - 8 atropa-tipped darts
 N - 3 datura-tipped darts
Armour
 g - a +0 pair of gloves (worn)
 i - a +2 hat (worn)
 n - the +0 pair of boots of Gamm (worn) {Str+3}
   (You found it on level 10 of the Dungeon)

   It affects your strength (+3).
 q - a +0 cloak (worn)
 w - a +1 leather armour of fire resistance (worn)
 z - a +0 kite shield (worn)
 G - a +2 robe of positive energy
Jewellery
 c - an amulet of guardian spirit (around neck)
 o - a ring of stealth (left hand)
 K - an uncursed ring of protection from fire
 O - a ring of protection from cold (right hand)
Wands
 k - a wand of polymorph (4)
 t - a wand of digging (11)
 H - a wand of flame (19)
Scrolls
 p - a scroll of immolation
 u - a scroll of remove curse
 x - 4 scrolls of teleportation
 L - 2 scrolls of fear
 M - 3 scrolls of blinking
Potions
 b - 6 potions of curing
 m - a potion of mutation {unknown}
 A - 2 potions of heal wounds
 B - a potion of magic {unknown}
 C - a potion of resistance
 D - 3 potions of berserk rage
 F - 2 potions of flight
 I - a potion of invisibility {unknown}
Miscellaneous
 h - a box of beasts
Comestibles
 y - 21 rations


   Skills:
 * Level 10.1 Fighting
 - Level 1.0 Long Blades
   Level 3.7(3.8) Maces & Flails
 * Level 4.2(4.3) Polearms
   Level 1.0(3.7) Staves
 - Level 8.0 Armour
 * Level 8.8 Dodging
 - Level 3.6 Stealth
 * Level 4.2 Shields
 * Level 3.5 Evocations


You had 10 spell levels left.
You didn't know any spells.
Your spell library contained the following spells:

 Spells                   Type           Power        Failure   Level  Hunger
 Apportation              Tloc           #.....       80%         1    ##.....
 Magic Dart               Conj           #...         80%         1    ##.....
 Summon Butterflies       Summ           #.......     80%         1    ##.....
 Searing Ray              Conj           #.....       91%         2    ###....
 Dazzling Flash           Conj/Hex       #.....       99%         3    ####...
 Lesser Beckoning         Tloc           #.........   99%         3    ####...
 Tukima's Dance           Hex            #.......     99%         3    ####...
 Cause Fear               Hex            #.........   100%        4    #####..
 Fulminant Prism          Conj/Hex       #.........   100%        4    #####..
 Iskenderun's Mystic Bla  Conj/Tloc      #.......     100%        4    #####..
 Alistair's Intoxication  Tmut/Pois      #.......     100%        5    ######.
 Silence                  Hex/Air        #.........   100%        5    ######.
 Yara's Violent Unravell  Hex/Tmut       #.........   100%        5    ######.
 Invisibility             Hex            #.......     100%        6    #######
 Discord                  Hex            #.........   100%        8    #######


Dungeon Overview and Level Annotations

Branches:
Dungeon (12/15)            Temple (1/1) D:5            Lair (0/6) D:10
    Orc (0/2) D:9

Altars:
Ashenzari
Cheibriados
Dithmenos
Elyvilon
Fedhas
Gozag
Hepliaklqana
Kikubaaqudgha
Nemelex Xobeh
Okawaru
Qazlal
Ru
Sif Muna
Trog
Uskayaw
Vehumet
Wu Jian
Xom
Yredelemnul
Zin
The Shining One

Shops:
D:7 *   D:11 [

Portals:
Bailey: D:12

Annotations:
D:4 1 runed translucent door, yogakurto's ghost, amateur HuEE
D:6 3 runed translucent doors, Raspi's ghost, novice MiBe
D:11 1 runed translucent door


Innate Abilities, Weirdness & Mutations

You are mostly covered in thin metallic scales. (AC +3)
You are partially covered in sharp spines.
You are immune to rotting.


Message History

You block the very large slime creature's attack.
You barely miss the very large slime creature.
The very large slime creature is severely wounded.
The very large slime creature hits you!
* * * LOW HITPOINT WARNING * * *
You puncture the very large slime creature!
The very large slime creature is severely wounded.
You block the very large slime creature's attack.
You hit the very large slime creature.
The very large slime creature is severely wounded.
The very large slime creature closely misses you.
You puncture the very large slime creature!
The very large slime creature is almost dead.
The very large slime creature hits you!!
* * * LOW HITPOINT WARNING * * *
You feel much better.
The very large slime creature is struck by your spines.
The very large slime creature hits you!!!
You die...
Your body crumbles into a pile of gold.

J## ..## ..# #######+###
#####.### ##.........#
#.......# .'........>#
#.......# ##.........######
#...$...#
##.........'....###y$.....#
#.........####.@JyyH(.$).#
#.........# #####WW.....#
#.........# #.......#
#.........# .y.8.....#
#.......... .8.W...8....
######### ...........###
...........# .8....∩..W.8#


You could see a very large slime creature, a hippogriff, 2 wraiths, 2 vampire
mosquitoes and a meliai.

Vanquished Creatures
  2 unseen horrors (D:10)
  Pikel (D:7)
  An ugly thing (D:11)
  3 trolls
  A hornet (D:9)
  Grinder (D:5)
  A dream sheep (D:9)
  A slime creature (D:12)
  3 hippogriffs
  11 yaks (D:11)
  A hungry ghost (D:9)
  2 vampire mosquitoes (D:12)
  Edmund (D:5)
  2 water moccasins
  5 orc warriors
  A sky beast (D:8)
  A phantom (D:8)
  3 eyes of draining
  2 ice beasts
  7 ogres
  5 centaurs
  2 big kobolds
  4 bullfrogs
  A gnoll sergeant (D:8)
  A wyvern skeleton (D:8)
  3 killer bees
  2 wights (D:11)
  3 howler monkeys (D:8)
  A centaur zombie (D:6)
  5 crimson imps
  5 quasits
  2 bullfrog zombies
  4 jellies
  A bullfrog skeleton (D:4)
  11 orc wizards
  An orc priest (D:8)
  6 hounds
  3 centaur skeletons
  4 iguanas
  3 worker ants
  2 worker ant zombies
  12 gnolls
  13 adders
  3 shadow imps
  An ooze (D:8)
  An adder skeleton (D:4)
  A worm (D:5)
  A dart slug (D:3)
  9 leopard geckos
  26 orcs
  10 bats
  7 giant cockroaches
  10 goblins
  10 hobgoblins
  10 jackals
  4 quokkas
  A ball python (D:1)
  2 frilled lizards (D:1)
  A jackal skeleton (D:6)
  10 kobolds
  A leopard gecko skeleton (D:6)
  A quokka skeleton (D:5)
  12 rats
  A fungus (D:3)
  A plant (D:8)
267 creatures vanquished.

Vanquished Creatures (collateral kills)
  2 orc warriors (D:10)
  A wight (D:11)
  An orc priest (D:10)
  2 orc wizards (D:10)
  4 orcs (D:10)
10 creatures vanquished.

Grand Total: 277 creatures vanquished

Notes
Turn   | Place    | Note
-------+----------+-------------------------------------------
     0 | D:1      | Chiseanne the Demonspawn Wanderer began the quest for the
                  | Orb.
     0 | D:1      | Chiseanne set off with the following items: a +2
                  | quarterstaff, a potion of curing, a wand of random effects
                  | (15), a +0 robe, a +0 dagger, a ration
     0 | D:1      | Reached XP level 1. HP: 18/18 MP: 1/1
   136 | D:1      | Gained mutation: You are partially covered in sharp spines.
                  | [demonic ancestry]
   136 | D:1      | Reached XP level 2. HP: 24/24 MP: 2/2
   207 | D:1      | Reached skill level 1 in Dodging
   321 | D:1      | Reached skill level 1 in Armour
   456 | D:1      | Gained mutation: You are partially covered in thin metallic
                  | scales. (AC +2) [demonic ancestry]
   456 | D:1      | Reached XP level 3. HP: 29/29 MP: 3/3
   760 | D:2      | Found a white marble altar of Elyvilon.
   764 | D:2      | Found a hazy altar of Hepliaklqana.
   871 | D:2      | Reached XP level 4. HP: 37/37 MP: 4/4
  1097 | D:2      | Found a sparkling altar of Nemelex Xobeh.
  1160 | D:2      | You fall into a shaft and drop 1 floor!
  1160 | D:3      | Found a blossoming altar of Fedhas.
  1284 | D:2      | Reached skill level 4 in Fighting
  1818 | D:4      | Found an ornate altar of the Wu Jian Council.
  1860 | D:4      | Noticed an ogre
  1867 | D:4      | Killed an ogre
  1867 | D:4      | Gained mutation: You are mostly covered in thin metallic
                  | scales. (AC +3) [demonic ancestry]
  1867 | D:4      | Reached XP level 5. HP: 5/43 MP: 5/5
  2177 | D:4      | Gained mutation: You are immune to rotting. [demonic
                  | ancestry]
  2177 | D:4      | Reached XP level 6. HP: 49/49 MP: 6/6
  2305 | D:4      | Reached skill level 5 in Fighting
  2340 | D:4      | Found a runed translucent door.
  2341 | D:4      | Noticed yogakurto's ghost (amateur HuEE)
  2643 | D:4      | Reached XP level 7. HP: 56/56 MP: 7/7
  3049 | D:5      | Entered Level 5 of the Dungeon
  3176 | D:5      | Noticed Edmund
  3185 | D:5      | Killed Edmund
  3262 | D:5      | Noticed Grinder
  3270 | D:5      | Found a staircase to the Ecumenical Temple.
  3292 | D:5      | Paralysed by something for 2 turns
  3296 | D:5      | Paralysed by Grinder for 7 turns
  3318 | D:5      | Killed Grinder
  3318 | D:5      | Reached skill level 6 in Fighting
  3333 | Temple   | Entered the Ecumenical Temple
  3610 | D:5      | Found a bloodstained altar of Trog.
  3622 | D:5      | Reached XP level 8. HP: 64/64 MP: 0/8
  4450 | D:6      | Found a basalt altar of Yredelemnul.
  4453 | D:6      | Reached skill level 5 in Dodging
  4492 | D:6      | Reached skill level 5 in Armour
  4526 | D:6      | Found a runed translucent gate.
  4526 | D:6      | Found a runed translucent gate.
  4528 | D:6      | Found a runed translucent gate.
  4531 | D:6      | Noticed Raspi's ghost (novice MiBe)
  4552 | D:6      | Reached skill level 1 in Maces & Flails
  4644 | D:6      | Found a shattered altar of Ashenzari.
  4656 | D:6      | Reached skill level 7 in Fighting
  5359 | D:6      | Reached XP level 9. HP: 69/72 MP: 9/9
  5782 | D:7      | Noticed Pikel
  5797 | D:7      | Killed Pikel
  5954 | D:7      | Found Yplam's General Store.
  6454 | D:7      | Found an iron altar of Okawaru.
  6492 | D:8      | Reached skill level 8 in Fighting
  6583 | D:8      | Found a glowing golden altar of the Shining One.
  6672 | D:8      | Found a sparkling altar of Nemelex Xobeh.
  6841 | D:8      | Found an opulent altar of Gozag.
  7410 | D:7      | Reached XP level 10. HP: 82/82 MP: 10/10
  8462 | D:8      | Became a worshipper of Gozag Ym Sagoz the Greedy
  8532 | D:7      | Bought a scroll of enchant weapon for 112 gold pieces
  8532 | D:7      | Bought a potion of flight for 45 gold pieces
  8627 | D:9      | Noticed Erica
  8633 | D:9      | Noticed Erica
  8633 | D:9      | Erica changed into Erica the dream sheep
  8637 | D:9      | Killed Erica the dream sheep
  8637 | D:9      | Reached skill level 9 in Fighting
  8924 | D:9      | Reached skill level 1 in Polearms
  8924 | D:9      | Reached skill level 1 in Shields
  8941 | D:9      | Found a basalt altar of Yredelemnul.
  9264 | D:9      | Found a staircase to the Orcish Mines.
  9343 | D:9      | Found a shimmering altar of Xom.
  9395 | D:9      | Found a shadowy altar of Dithmenos.
  9544 | D:10     | Entered Level 10 of the Dungeon
  9814 | D:10     | Got a pair of brightly glowing boots
  9826 | D:10     | Identified the +0 pair of boots of Gamm {Str+3} (You found
                  | it on level 10 of the Dungeon)
  9847 | D:10     | Found a staircase to the Lair.
  9996 | D:10     | Killed an unseen horror
 10482 | D:10     | Reached XP level 11. HP: 81/89 MP: 10/12
 10723 | D:10     | Killed an unseen horror
 11106 | D:11     | Noticed a red ugly thing
 11123 | D:11     | Killed a red ugly thing
 11355 | D:11     | Noticed a centaur warrior
 11356 | D:11     | Noticed a two-headed ogre
 11357 | D:11     | Noticed a frost giant
 11357 | D:11     | Noticed a wolf spider
 11361 | D:11     | Found a runed translucent door.
 11485 | D:11     | Reached skill level 10 in Fighting
 11969 | D:12     | Found a flagged portal.
 12029 | D:12     | HP: 1/90 [very large slime creature (21)]
 12030 | D:12     | Mangled by a very large slime creature

Illustrated notes

Levels and vault maps discovered:
D:1:      evilmike_arrival_fibonacci_small, layout_rooms
D:2:      layout_basic, old_standard_altar, old_standard_altar,
          nicolae_overflow_crystal_walls, nemelex_altar_shiori, kennysheep_donut
D:3:      layout_basic, first_ration, fedhas_altar_3
D:4:      layout_loops_ring, lemuel_crystal_altar,
          ebering_ghost_reflecting_pool, minivault_14, minmay_stone_trees_medium
D:5:      layout_layer_cave, trog_eyes_of_draining, minmay_temple_entry_waves,
          uniq_edmund, uniq_grinder
D:6:      cheibrodos_barr_body, layout_basic, ashenzari_conservatory_becter,
          lemuel_crystal_altar, gammafunk_ghost_split
D:7:      layout_loops_corners, nicolae_overflow_hidden_temple, serial_shops,
          kennysheep_mini_moat, uniq_pikel
D:8:      layout_cave_pods, lemuel_crystal_altar, tso_oasis_becter,
          nemelex_dance_club_becter
D:9:      layout_rooms, lemuel_coloured_pillars_altar, grunt_dithmenos_shadows,
          orc_0_dummy, basic_altar, blue_anna_alchemist [blue_anna_fruit_fields,
          blue_anna_fruit_fields], uniq_erica
D:10:     layout_rooms, lair_entry_dummy
D:11:     layout_long_grid, minmay_st_funbox
D:12:     layout_roguey, enter_bailey_6, xom_redecorated, uniq_josephine
Temple:   compressed_dpeg_triangle_lava_temple

Skill      XL: |  1  2  3  4  5  6  7  8  9 10 11 |
---------------+----------------------------------+-----
Dodging        | 1 2 3 4 5 7 8 |  8.8
Armour         | 1 2 3 4 5 7 8 |  8.0
Fighting       | 4 5 6 7 8 9 10 | 10.1
Maces & Flails | 1 3 |  3.7
Polearms       | 3 4 |  4.2
Shields        | 3 4 |  4.2
Evocations     | 3 |  3.5
Long Blades    | |  1.0
Staves         | |  1.0
Stealth        | |  3.6

Action                   |  1- 3 |  4- 6 |  7- 9 | 10-12 || total
-------------------------+-------+-------+-------+-------++-------
Melee: Quarterstaff      |    83 |   133 |    37 |       ||   253
       Dire flail        |       |       |   195 |    53 ||   248
       Trident           |       |       |       |   249 ||   249
Throw: Javelin           |       |       |    11 |    25 ||    36
Invok: Call Merchant     |       |       |       |     1 ||     1
Evoke: Wand              |       |     2 |    12 |    17 ||    31
       Box of beasts     |       |       |       |     4 ||     4
  Use: Scroll            |     6 |     5 |     6 |     8 ||    25
       Potion            |       |       |     2 |     1 ||     3
 Stab: Sleeping          |     5 |     2 |     5 |     5 ||    17
       Distracted        |       |       |       |     3 ||     3
  Eat: Chunk             |       |     5 |    16 |     3 ||    24
       Ration            |       |       |       |     4 ||     4
Armor: Leather armour    |    33 |     6 |    21 |   127 ||   187
       Chain mail        |       |    66 |   112 |       ||   178
Dodge: Dodged            |    56 |    41 |   119 |   210 ||   426
Block: Kite shield       |       |       |       |   115 ||   115
